 Dungeon Crawl Stone Soup version 0.30.0-17-ge0270778cf (webtiles) character file.

Game seed: 335448414612652196

308 grizmgrazm2 the Changer (level 6, 0/66 HPs)
             Began as an Ogre Transmuter on May 21, 2023.
             Slain by Duvessa
             ... wielding a +3 short sword of speed
              (10 damage)
             ... on level 4 of the Dungeon.
             The game lasted 00:10:07 (4535 turns).

grizmgrazm2 the Changer (Ogre Transmuter)           Turns: 4535, Time: 00:10:07

Health: 0/66       AC: 10    Str: 15    XL:     6   Next: 40%
Magic:  8/12       EV:  9    Int: 16    God:
Gold:   1014       SH:  0    Dex:  9    Spells: 6/13 levels left

rFire   x .          .
                       - Unarmed
rCold   + + +        (shield currently unavailable)
rNeg    . . .        a - melded +0 robe
rPois   +            (helmet currently unavailable)
rElec   .            (cloak currently unavailable)
rCorr   .            (gloves unavailable)
SInv    .            (boots unavailable)
Will    ++...        (no amulet)
Stlth   +            h - ring of willpower
HPRegen 0.31/turn    l - +4 ring of protection
MPRegen 0.13/turn

%: no passive effects
@: ice-form
A: freezing attack, amphibious, boosted hp, large, unfitting armour, (tough skin
1), (iridescent scales 1), strong-willed 1, (poison resistance)
a: End Transformation


You were on level 4 of the Dungeon.
You were a creature of crystalline ice.
You visited 1 branch of the dungeon, and saw 4 of its levels.

You collected 1014 gold pieces.

Inventory:

Armour
 a - a +0 robe (melded)
Magical Staves
 c - a staff of cold
Jewellery
 h - a ring of willpower (left front paw)
 l - a +4 ring of protection (right front paw)
Wands
 d - a wand of paralysis (14)
 e - a wand of flame (17)
Scrolls
 g - a scroll of immolation
 j - 2 scrolls of poison
Potions
 f - a potion of ambrosia
 i - a potion of cancellation


   Skills:
 - Level 1.3 Fighting
 - Level 1.7 Dodging
 - Level 2.6 Unarmed Combat
 + Level 4.1 Spellcasting
 * Level 4.4 Transmutations
 * Level 2.6 Ice Magic


You had 6 spell levels left.
You knew the following spells:

 Your Spells              Type           Power      Damage    Failure   Level
a - Beastly Appendage     Tmut           34%        N/A       2%          1
b - Wereblood             Tmut           17%        N/A       4%          2
c - Ice Form              Ice/Tmut       14%        N/A       36%         4

Your spell library contained the following spells:

 Spells                   Type           Power      Damage    Failure   Level
 Slow                     Hex            12%        N/A       17%         1
 Summon Small Mammal      Summ           12%        N/A       17%         1
 Frozen Ramparts          Ice            22%        1d4       17%         3
 Spider Form              Tmut/Pois      10%        N/A       21%         3
 Cigotuvi's Dreadful Rot  Necr/Pois/Air  6%         N/A       26%         2
 Static Discharge         Conj/Air       6%         2-3/arc   26%         2
 Call Canine Familiar     Summ           3%         N/A       45%         3
 Confusing Touch          Hex            3%         N/A       45%         3
 Summon Guardian Golem    Hex/Summ       3%         N/A       45%         3
 Vampiric Draining        Necr           3%         2d6       45%         3
 Summon Ice Beast         Ice/Summ       7%         N/A       69%         4
 Airstrike                Air            1%         2d(1-17)  86%         4
 Dispel Undead            Necr           3%         3d7       86%         4
 Summon Lightning Spire   Summ/Air       3%         N/A       86%         4
 Fireball                 Conj/Fire      1%         3d3       99%         5
 Iskenderun's Battlesphe  Conj           3%         2d6       99%         5
 Conjure Ball Lightning   Conj/Air       1%         3x3d6     100%        6
 Death Channel            Necr           1%         N/A       100%        6
 Orb of Destruction       Conj           1%         9d5       100%        7


Dungeon Overview and Level Annotations

Branches:
Dungeon (4/15)
 Temple: D:4-7

Altars:

Annotations:
D:4 3 runed translucent doors, Dowan; Duvessa; Voland's ghost, weakling TeAE


Innate Abilities, Weirdness & Mutations

You are a creature of crystalline ice.
You have a powerful freezing melee attack.
You are amphibious.
Your maximum health is increased.
Your armour is entirely melded.
You are incapable of wielding weapons or throwing items.
You are too large for most types of armour.
((You have tough skin. (AC +1)))
((You are partially covered in iridescent scales. (AC +2)))
You are strong-willed. (Will+)
((Your system is resistant to poisons. (rPois)))


Message History

Duvessa hits you but does no damage.
Your primal bloodlust has ended.
Your transformation is almost over.
Your horns disappear.
Your talons disappear.
You start resting.
Duvessa is nearby!
A lemure comes into view.
The lemure shouts!
You hear a shout! x2
Duvessa says, "When magic and the sword combine, nothing stands against them."
A lemure comes into view.
Casting: Beastly Appendage (safe; 2% risk of failure)
Confirm with . or Enter, or press ? or * to list all spells.
The spell is quite dangerous to miscast (36% risk of failure)!
Continue anyway?
You turn into a creature of crystalline ice.
Your +0 robe melds into your body.
The lemure shouts!
You hear a shout!
You hear an angry hiss.
An adder comes into view.
You hear a shout! x4
Duvessa hits you but does no damage.
You hit Duvessa. You freeze Duvessa.
Duvessa is severely wounded.
Duvessa hits you but does no damage. Duvessa barely misses you.
You barely miss Duvessa.
Duvessa is severely wounded.
Duvessa hits you with a +3 short sword of speed! x2
* * * LOW HITPOINT WARNING * * *
You hit Duvessa. You freeze Duvessa.
Duvessa is almost dead.
Dowan gestures wildly while chanting.
Dowan blinks!
A lemure comes into view.
Duvessa barely misses you.
You hit Duvessa. You freeze Duvessa.
Duvessa is almost dead.
Duvessa hits you with a +3 short sword of speed.
* * * LOW HITPOINT WARNING * * *
You barely miss Duvessa.
Duvessa is almost dead.
Duvessa hits you with a +3 short sword of speed!
You die...

. .5 ... ...S
..5..
......#######
.....5.5Yee.#
###########.#
#.# #e# #e#
#.# #.# #.#
#.#


You could see Duvessa, 3 lemures and Dowan.

Vanquished Creatures
  A phantom (D:4)
  A hound (D:3)
  An iguana (D:4)
  Jessica (D:2)
  Robin (D:2)
  3 adders
  A worm (D:3)
  2 dart slugs (D:2)
  4 orcs
  4 bats
  14 endoplasms
  A giant cockroach (D:1)
  20 goblins
  12 hobgoblins
  3 jackals (D:4)
  6 kobolds
  3 quokkas
  7 ball pythons
  3 frilled lizards
  4 rats
92 creatures vanquished.

Notes
Turn   | Place    | Note
-------+----------+-------------------------------------------
     0 | D:1      | grizmgrazm2 the Ogre Transmuter began the quest for the
                  | Orb.
     0 | D:1      | Reached XP level 1. HP: 19/19 MP: 3/3
   198 | D:1      | Reached XP level 2. HP: 27/27 MP: 3/5
   259 | D:1      | Learned a level 2 spell: Wereblood
   937 | D:1      | Reached XP level 3. HP: 33/33 MP: 5/7
  1759 | D:2      | Reached XP level 4. HP: 26/41 MP: 5/8
  1764 | D:2      | Learned a level 4 spell: Ice Form
  1924 | D:2      | Noticed Jessica
  2049 | D:2      | Killed Jessica
  2125 | D:2      | Identified a scroll of acquirement
  2125 | D:2      | Acquired 772 gold pieces
  2171 | D:2      | Gained mutation: You are strong-willed. (Will+) [potion of
                  | mutation]
  2171 | D:2      | Gained mutation: You have hidden genetic potential. [potion
                  | of mutation]
  2178 | D:1      | HP: 2/41 [poisoned by an adder]
  2182 | D:1      | Reached skill level 1 in Ice Magic
  2540 | D:2      | Reached XP level 5. HP: 48/48 MP: 8/10
  2970 | D:2      | Noticed Robin
  2980 | D:2      | Killed Robin
  3413 | D:3      | Gained mutation: You are partially covered in iridescent
                  | scales. (AC +2) [hidden potential]
  4015 | D:4      | Noticed Voland's ghost (weakling TeAE)
  4075 | D:4      | Reached XP level 6. HP: 38/55 MP: 8/11
  4298 | D:4      | Gained mutation: Your system is resistant to poisons.
                  | (rPois) [hidden potential]
  4298 | D:4      | Lost mutation: You have hidden genetic potential. [hidden
                  | potential expressed]
  4324 | D:4      | Found a runed translucent gate.
  4325 | D:4      | Found a runed translucent gate.
  4326 | D:4      | Found a runed translucent gate.
  4439 | D:4      | Noticed Duvessa
  4442 | D:4      | Noticed Dowan
  4535 | D:4      | Slain by Duvessa

Illustrated notes

Levels and vault maps discovered:
D:1:      dpeg_arrival_renting, layout_basic, st_stairs_1, glass_columns_c
D:2:      minmay_angry_zag, layout_basic, uniq_jessica, uniq_robin
D:3:      layout_rooms
D:4:      layout_basic, gammafunk_ghost_icy, uniq_duvessa, uniq_ijyb, uniq_pikel

Skill      XL: |  1  2  3  4  5  6 |
---------------+-------------------+-----
Transmutations | 2 3 4 |  4.4
Spellcasting   | 3 4 |  4.1
Ice Magic      | 1 2 |  2.6
Fighting       | |  1.3
Dodging        | |  1.7
Unarmed Combat | |  2.6

Action                     |  1- 3 |  4- 6 || total
---------------------------+-------+-------++-------
  Melee: Unarmed           |    93 |   191 ||   284
         Kick              |    22 |    39 ||    61
         Headbutt          |    10 |    27 ||    37
         Punch             |     4 |     1 ||     5
   Cast: Beastly Appendage |    27 |    36 ||    63
         Wereblood         |     3 |     9 ||    12
         Ice Form          |       |     1 ||     1
    Use: Potion            |     1 |     7 ||     8
         Scroll            |       |     9 ||     9
 Armour: Robe              |    23 |    77 ||   100
         Skin              |       |     6 ||     6
  Dodge: Dodged            |    33 |    95 ||   128
